Islanders vs Hurricanes

Created - 19 février 2018 at 19:46

Goals
1 2 3 OT1 T
Islanders 0 1 1 1 3
Hurricanes 2 0 0 0 2
Shots
1 2 3 OT1 T
Islanders 8 6 9 1 24
Hurricanes 12 10 15 1 38

1st period

1. Hurricanes , Patrick Wiercioch 4 (Nick Foligno 35, Mathew Dumba 15) at 1:11 (PP)
2. Hurricanes , Lee Stempniak 15 (Dustin Byfuglien 35) at 16:45

Penalties :
Patrick Sharp (NYI) for Roughing (Minor) at 0:10, Pierre-Alexandr Parenteau (NYI) for Roughing (Minor) at 2:25

2nd period

3. Islanders , Brian Boyle 15 (Luca Sbisa 10) at 19:06

Penalties :
Steven Santini (NYI) for Roughing (Minor) at 0:23, Nick Foligno (CAR) for Goalie Interference (Minor) at 17:06

3rd period

4. Islanders , Josh Jooris 3 (Markus Granlund 12, Erik Johnson 10) at 5:35

Penalties :
Steven Santini (NYI) for Roughing (Minor) at 9:10, Pierre-Alexandr Parenteau (NYI) for Tripping (Minor) at 18:01

Overtime #1

5. Islanders , Colin Wilson 13 (Pierre-Alexandr Parenteau 21, Roman Polak 15) at 1:54

Penalties :
No Penalty

Goalie Stats

Robin Lehner (NYI), 36 saves from 38 shots - (0.947), W, 11-11-2, 61:55 minutes
Frederik Andersen (CAR), 21 saves from 24 shots - (0.875), OTL, 28-16-5, 61:55 minutes

Players Stats for Islanders

Player Name              G  A  P  +/- PIM S  H  SB GA TA FO     MP     PP MP  PK MP  
------------------------------------------------------------------------------------
Andy Greene              0  0  0   1  0   0  0  1  0  0  0/0    20:32   0:42   4:12 
Brian Boyle              1  0  1   0  0   6  0  0  0  0  16/27  19:49   1:35   3:32 
Colin Wilson             1  0  1   1  0   1  0  0  0  0  6/10   19:40   1:35   5:18 
Erik Johnson             0  1  1   0  0   1  5  1  0  0  0/0    26:51   1:17   4:45 
Josh Anderson            0  0  0   0  0   3  0  0  0  0  1/3    13:57   1:35   0:00 
Josh Jooris              1  0  1   1  0   1  0  0  0  0  6/9    10:01   0:00   0:00 
Lars Eller               0  0  0   0  0   0  0  0  0  0  2/2     0:13   0:00   0:00 
Luca Sbisa               0  1  1   0  0   2  0  1  0  0  0/0    14:35   1:17   0:01 
Mark Fayne               0  0  0   0  0   0  0  1  0  0  0/0    18:51   0:00   4:44 
Markus Granlund          0  1  1   1  0   1  0  0  0  0  0/1     9:57   0:00   0:11 
Matt Read                0  0  0   2  0   3  0  0  0  0  3/19   18:54   0:00   0:00 
Patrick Sharp            0  0  0   1  2   3  1  0  0  0  1/3    23:50   0:24   4:56 
Pierre-Alexandr Parentea 0  1  1   2  4   1  2  0  0  0  1/1    18:39   0:24   1:11 
Roman Polak              0  1  1   3  0   0  3  4  0  0  0/0    22:12   0:42   4:12 
Sam Bennett              0  0  0  -1  0   0  0  0  0  0  0/1    10:43   0:00   0:03 
Steven Santini           0  0  0  -1  4   0  2  0  0  0  0/0    18:53   0:00   0:00 
Tyler Bozak              0  0  0  -1  0   0  0  1  0  0  8/15   11:54   0:24   0:00 
Zack Kassian             0  0  0  -1  0   2  2  0  0  0  1/4    17:13   0:00   2:42 

Players Stats for Hurricanes

Player Name              G  A  P  +/- PIM S  H  SB GA TA FO     MP     PP MP  PK MP  
------------------------------------------------------------------------------------
Alex Chiasson            0  0  0   0  0   1  0  0  0  0  0/0     8:10   3:13   0:00 
Brad Richardson          0  0  0   0  0   2  0  1  0  0  1/1    11:23   0:00   0:22 
Brett Pesce              0  0  0   0  0   0  1  0  0  0  0/0    16:07   0:00   1:13 
Brian Dumoulin           0  0  0   0  0   1  1  1  0  0  0/0    17:30   0:29   1:13 
Bryan Little             0  0  0   0  0   3  1  0  0  0  16/29  21:53   5:43   0:00 
Carl Hagelin             0  0  0   0  0   1  0  0  0  0  1/1     6:32   0:29   1:07 
Derek Ryan               0  0  0  -1  0   1  0  0  0  0  15/27  20:32   3:13   0:00 
Dustin Byfuglien         0  1  1  -1  0   2  1  0  0  0  0/0    24:38   4:29   0:46 
Jon Merrill              0  0  0   0  0   1  2  0  0  0  0/0    10:41   0:00   0:46 
Keith Yandle             0  0  0  -2  0   1  0  4  0  0  0/0    23:17   4:00   0:00 
Lee Stempniak            1  0  1   0  0   4  0  0  0  0  3/3    22:05   5:16   0:00 
Leo Komarov              0  0  0  -1  0   5  4  0  0  0  12/29  19:07   0:00   1:37 
Marcus Foligno           0  0  0   0  0   1  7  0  0  0  0/1    11:31   0:00   0:30 
Mathew Dumba             0  1  1   0  0   5  3  0  0  0  0/0    20:16   4:27   0:00 
Michael Frolik           0  0  0  -1  0   4  0  1  0  0  0/0    18:09   0:27   0:22 
Nick Foligno             0  1  1  -1  2   4  5  0  0  0  1/2    20:31   3:13   0:00 
Patrick Wiercioch        1  0  1   0  0   2  0  0  0  0  0/0     9:27   4:27   0:00 
Zach Parise              0  0  0  -1  0   0  0  0  0  0  1/2    21:57   5:14   0:00 

3 Stars

1 - Roman Polak (NYI)
2 - Robin Lehner (NYI)
3 - Josh Jooris (NYI)

Power Play

Islanders - 0 on 1 Attempt(s) - 0.00%
Hurricanes - 1 on 5 Attempt(s) - 20.00%

Penalty Kill

Islanders - 4 on 5 Attempt(s) - 80.00% - Score 0 goal in Penalty Kill
Hurricanes - 1 on 1 Attempt(s) - 100.00% - Score 0 goal in Penalty Kill

Team Stat

Islanders - Hits : 15 - Faceoff Wins : 45 - Blocked Shots : 9 - Penalty Minutes : 10
Hurricanes - Hits : 25 - Faceoff Wins : 50 - Blocked Shots : 7 - Penalty Minutes : 2

Official

Referees : Mark Lemelin and Justin StPierre
Linesman : Ryan Galloway and Brian Murphy

Game Notes

Lars Eller is injured at 1:43 of 1st period (Lower Body)

Finance

Level 1 -- Attendance: 4444 (74.07%) -- Ticket Income 524 392 $
Level 2 -- Attendance: 5000 (100.00%) -- Ticket Income 375 000 $
Level 3 -- Attendance: 3142 (89.77%) -- Ticket Income 150 816 $
Level 4 -- Attendance: 2836 (89.18%) -- Ticket Income 85 080 $
Luxury Box -- Attendance: 927 (92.70%) -- Ticket Income 195 597 $
Game was played at the PNC Arena.
Total Attendance: 16349 (87.52%)
Total Ticket Income: 1 330 885 $
Other Income: 199 633 $
Total Income: 1 530 518 $

% Time on Ice - Islanders

Lines # - Real PCT - Wanted PCT - Time Play
Normal Forward
1 - 34% - 40% - 16:41
2 - 25% - 30% - 12:22
3 - 19% - 20% - 9:22
4 - 22% - 10% - 10:40
Normal Defense
1 - 39% - 40% - 18:55
2 - 31% - 30% - 15:00
3 - 27% - 20% - 13:17
4 - 4% - 10% - 1:53
PP Forward
1 - 20% - 60% - 0:24
2 - 80% - 40% - 1:35
PP Defense
1 - 65% - 60% - 1:17
2 - 35% - 40% - 0:42
PK Forward
1 - 68% - 60% - 6:07
2 - 32% - 40% - 2:49
PK Defense
1 - 53% - 60% - 4:44
2 - 47% - 40% - 4:12
PK3 Forward
1 - 100% - 60% - 0:01
2 - 0% - 40% - 0:00
PK3 Defense
1 - 100% - 60% - 0:01
2 - 0% - 40% - 0:00
44 Forward
1 - 0% - 60%
2 - 0% - 40%
44 Defense
1 - 0% - 60%
2 - 0% - 40%
Last Minute Offensive  - 0:00
Last Minute Defensive  - 0:00
Total
Forward - 60:01
Defense - 60:01

% Time on Ice - Hurricanes

Lines # - Real PCT - Wanted PCT - Time Play
Normal Forward
1 - 35% - 36% - 17:19
2 - 32% - 31% - 15:49
3 - 22% - 22% - 11:01
4 - 10% - 11% - 4:56
Normal Defense
1 - 37% - 37% - 18:23
2 - 32% - 32% - 15:48
3 - 20% - 21% - 9:54
4 - 10% - 10% - 5:00
PP Forward
1 - 64% - 60% - 5:43
2 - 36% - 40% - 3:13
PP Defense
1 - 50% - 57% - 4:29
2 - 50% - 43% - 4:27
PK Forward
1 - 82% - 60% - 1:37
2 - 18% - 40% - 0:22
PK Defense
1 - 61% - 56% - 1:13
2 - 39% - 44% - 0:46
PK3 Forward
1 - 0% - 54%
2 - 0% - 46%
PK3 Defense
1 - 0% - 57%
2 - 0% - 43%
44 Forward
1 - 100% - 55% - 0:01
2 - 0% - 45% - 0:00
44 Defense
1 - 100% - 52% - 0:01
2 - 0% - 48% - 0:00
Last Minute Offensive  - 0:00
Last Minute Defensive  - 0:00
Total
Forward - 60:01
Defense - 60:01

Play by Play

1st period


0:01 of 1st period - Lars Eller wins face-off versus Derek Ryan in neutral zone.
0:01 of 1st period - Lars Eller is hit by Nick Foligno.
0:10 of 1st period - Minor Penalty to Patrick Sharp for Roughing.
0:11 of 1st period - Zach Parise wins face-off versus Colin Wilson in Islanders zone.
0:12 of 1st period - Shot by Lee Stempniak.
0:12 of 1st period - Shot Misses the Net.
1:09 of 1st period - Shot by Nick Foligno.
1:09 of 1st period - Shot Misses the Net.
1:11 of 1st period - Shot by Patrick Wiercioch.
1:11 of 1st period - Goal by Patrick Wiercioch - Islanders : 0 - Hurricanes : 1.
1:12 of 1st period - Josh Jooris wins face-off versus Derek Ryan in neutral zone.
1:15 of 1st period - Shot by Matt Read.
1:15 of 1st period - Stopped by Frederik Andersen without a rebound.
1:16 of 1st period - Nick Foligno wins face-off versus Markus Granlund in Hurricanes zone.
1:31 of 1st period - Shot by Nick Foligno.
1:31 of 1st period - Stopped by Robin Lehner with a rebound.
1:39 of 1st period - Shot by Mathew Dumba.
1:39 of 1st period - Stopped by Robin Lehner with a rebound.
1:41 of 1st period - Shot by Nick Foligno.
1:41 of 1st period - Stopped by Robin Lehner without a rebound.
1:42 of 1st period - Lars Eller wins face-off versus Bryan Little in Islanders zone.
1:42 of 1st period - Lars Eller is hit by Marcus Foligno.
1:43 of 1st period - Lars Eller from Islanders is injured at 1:43 of 1st period (Lower Body).
1:44 of 1st period - Brian Boyle wins face-off versus Leo Komarov in Islanders zone.
1:51 of 1st period - Shot by Josh Anderson.
1:51 of 1st period - Shot Misses the Net.
1:53 of 1st period - Shot by Josh Anderson.
1:53 of 1st period - Deflect By Brian Boyle.
1:53 of 1st period - Shot Misses the Net.
1:57 of 1st period - Shot by Brian Boyle.
1:57 of 1st period - Stopped by Frederik Andersen without a rebound.
1:58 of 1st period - Bryan Little wins face-off versus Matt Read in Hurricanes zone.
2:07 of 1st period - Shot by Patrick Sharp.
2:07 of 1st period - Shot Misses the Net.
2:09 of 1st period - Shot by Luca Sbisa.
2:09 of 1st period - Stopped by Frederik Andersen without a rebound.
2:10 of 1st period - Brian Boyle wins face-off versus Leo Komarov in Hurricanes zone.
2:20 of 1st period - Icing by Lee Stempniak.
2:21 of 1st period - Leo Komarov wins face-off versus Matt Read in Hurricanes zone.
2:25 of 1st period - Minor Penalty to Pierre-Alexandr Parenteau for Roughing.
2:26 of 1st period - Colin Wilson wins face-off versus Derek Ryan in Islanders zone.
2:26 of 1st period - Colin Wilson is hit by Nick Foligno.
2:39 of 1st period - Shot by Derek Ryan.
2:39 of 1st period - Shot Misses the Net.
2:41 of 1st period - Shot by Mathew Dumba.
2:41 of 1st period - Stopped by Robin Lehner with a rebound.
3:13 of 1st period - Icing by Keith Yandle.
3:14 of 1st period - Colin Wilson wins face-off versus Zach Parise in Hurricanes zone.
3:51 of 1st period - Shot by Zach Parise.
3:51 of 1st period - Shot Misses the Net.
4:06 of 1st period - Icing by Zach Parise.
4:07 of 1st period - Lee Stempniak wins face-off versus Brian Boyle in Hurricanes zone.
5:20 of 1st period - Shot by Tyler Bozak.
5:20 of 1st period - Shot Misses the Net.
6:01 of 1st period - Off-side.
6:02 of 1st period - Bryan Little wins face-off versus Brian Boyle in neutral zone.
6:29 of 1st period - Shot by Patrick Sharp.
6:29 of 1st period - Stopped by Frederik Andersen without a rebound.
6:30 of 1st period - Brian Boyle wins face-off versus Leo Komarov in Hurricanes zone.
6:30 of 1st period - Colin Wilson is hit by Mathew Dumba and loses puck.
6:35 of 1st period - Shot by Brian Boyle.
6:35 of 1st period - Stopped by Frederik Andersen with a rebound.
7:16 of 1st period - Icing by Colin Wilson.
7:17 of 1st period - Brian Boyle wins face-off versus Bryan Little in Islanders zone.
7:17 of 1st period - Brian Boyle is hit by Marcus Foligno.
7:55 of 1st period - Patrick Sharp is hit by Dustin Byfuglien and loses puck.
8:02 of 1st period - Shot by Patrick Sharp.
8:02 of 1st period - Deflect By Pierre-Alexandr Parenteau.
8:02 of 1st period - Shot Misses the Net.
8:34 of 1st period - Icing by Luca Sbisa.
8:35 of 1st period - Derek Ryan wins face-off versus Matt Read in Islanders zone.
9:02 of 1st period - Shot by Nick Foligno.
9:02 of 1st period - Shot Misses the Net.
9:21 of 1st period - Tyler Bozak is hit by Mathew Dumba and loses puck.
9:35 of 1st period - Icing by Sam Bennett.
9:36 of 1st period - Tyler Bozak wins face-off versus Leo Komarov in Islanders zone.
9:36 of 1st period - Tyler Bozak is hit by Leo Komarov.
10:46 of 1st period - Shot by Bryan Little.
10:46 of 1st period - Shot Misses the Net.
10:48 of 1st period - Shot by Carl Hagelin.
10:48 of 1st period - Stopped by Robin Lehner without a rebound.
10:49 of 1st period - Bryan Little wins face-off versus Josh Jooris in Islanders zone.
10:50 of 1st period - Shot by Brad Richardson.
10:50 of 1st period - Shot Misses the Net.
10:52 of 1st period - Shot by Mathew Dumba.
10:52 of 1st period - Shot Blocked by Andy Greene.
10:54 of 1st period - Shot by Brian Dumoulin.
10:54 of 1st period - Shot Misses the Net.
10:56 of 1st period - Shot by Brian Dumoulin.
10:56 of 1st period - Stopped by Robin Lehner without a rebound.
10:57 of 1st period - Bryan Little wins face-off versus Zack Kassian in Islanders zone.
11:50 of 1st period - Icing by Andy Greene.
11:51 of 1st period - Zack Kassian wins face-off versus Nick Foligno in Islanders zone.
11:56 of 1st period - Shot by Michael Frolik.
11:56 of 1st period - Shot Misses the Net.
12:35 of 1st period - Shot by Matt Read.
12:35 of 1st period - Stopped by Frederik Andersen without a rebound.
12:36 of 1st period - Leo Komarov wins face-off versus Brian Boyle in Hurricanes zone.
13:36 of 1st period - Bryan Little is hit by Erik Johnson and loses puck.
14:16 of 1st period - Markus Granlund is hit by Brett Pesce and loses puck.
14:19 of 1st period - Shot by Josh Jooris.
14:19 of 1st period - Deflect By Markus Granlund.
14:19 of 1st period - Stopped by Frederik Andersen without a rebound.
14:20 of 1st period - Leo Komarov wins face-off versus Matt Read in Hurricanes zone.
15:17 of 1st period - Shot by Nick Foligno.
15:17 of 1st period - Stopped by Robin Lehner without a rebound.
15:18 of 1st period - Bryan Little wins face-off versus Tyler Bozak in Islanders zone.
15:25 of 1st period - Shot by Bryan Little.
15:25 of 1st period - Shot Misses the Net.
15:27 of 1st period - Shot by Bryan Little.
15:27 of 1st period - Stopped by Robin Lehner with a rebound.
15:35 of 1st period - Shot by Bryan Little.
15:35 of 1st period - Shot Misses the Net.
15:37 of 1st period - Shot by Dustin Byfuglien.
15:37 of 1st period - Stopped by Robin Lehner without a rebound.
15:38 of 1st period - Josh Jooris wins face-off versus Derek Ryan in Islanders zone.
16:02 of 1st period - Shot by Derek Ryan.
16:02 of 1st period - Deflect By Nick Foligno.
16:02 of 1st period - Shot Blocked by Luca Sbisa.
16:28 of 1st period - Zack Kassian is hit by Leo Komarov and loses puck.
16:41 of 1st period - Shot by Lee Stempniak.
16:41 of 1st period - Shot Blocked by Tyler Bozak.
16:43 of 1st period - Shot by Dustin Byfuglien.
16:43 of 1st period - Shot Misses the Net.
16:45 of 1st period - Shot by Lee Stempniak.
16:45 of 1st period - Goal by Lee Stempniak - Islanders : 0 - Hurricanes : 2.
16:46 of 1st period - Bryan Little wins face-off versus Brian Boyle in neutral zone.
17:04 of 1st period - Shot by Bryan Little.
17:04 of 1st period - Shot Misses the Net.
17:14 of 1st period - Shot by Bryan Little.
17:14 of 1st period - Deflect By Brad Richardson.
17:14 of 1st period - Stopped by Robin Lehner without a rebound.
17:15 of 1st period - Josh Jooris wins face-off versus Leo Komarov in Islanders zone.
17:15 of 1st period - Roman Polak is hit by Leo Komarov and loses puck.
17:29 of 1st period - Leo Komarov is hit by Roman Polak and loses puck.
18:26 of 1st period - Markus Granlund is hit by Mathew Dumba and loses puck.
18:43 of 1st period - Shot by Pierre-Alexandr Parenteau.
18:43 of 1st period - Deflect By Patrick Sharp.
18:43 of 1st period - Stopped by Frederik Andersen without a rebound.
18:44 of 1st period - Bryan Little wins face-off versus Zack Kassian in Hurricanes zone.
19:49 of 1st period - Icing by Steven Santini.
19:50 of 1st period - Brian Boyle wins face-off versus Leo Komarov in Islanders zone.
Goals for this period are 0 for Islanders vs 2 for Hurricanes.
Shots for this period are 8 for Islanders vs 12 for Hurricanes.

2nd period


0:01 of 2nd period - Derek Ryan wins face-off versus Matt Read in neutral zone.
0:21 of 2nd period - Nick Foligno is hit by Steven Santini and loses puck.
0:23 of 2nd period - Minor Penalty to Steven Santini for Roughing.
0:24 of 2nd period - Bryan Little wins face-off versus Patrick Sharp in Islanders zone.
0:24 of 2nd period - Bryan Little is hit by Roman Polak.
0:34 of 2nd period - Shot by Bryan Little.
0:34 of 2nd period - Shot Misses the Net.
0:36 of 2nd period - Shot by Mathew Dumba.
0:36 of 2nd period - Stopped by Robin Lehner with a rebound.
1:25 of 2nd period - Shot by Zack Kassian.
1:25 of 2nd period - Shot Misses the Net.
1:27 of 2nd period - Shot by Erik Johnson.
1:27 of 2nd period - Shot Misses the Net.
1:29 of 2nd period - Shot by Mark Fayne.
1:29 of 2nd period - Shot Misses the Net.
2:20 of 2nd period - Icing by Derek Ryan.
2:21 of 2nd period - Derek Ryan wins face-off versus Colin Wilson in Hurricanes zone.
2:21 of 2nd period - Derek Ryan is hit by Zack Kassian.
2:47 of 2nd period - Icing by Jon Merrill.
2:48 of 2nd period - Tyler Bozak wins face-off versus Derek Ryan in Hurricanes zone.
2:50 of 2nd period - Sam Bennett is hit by Jon Merrill and loses puck.
3:07 of 2nd period - Shot by Tyler Bozak.
3:07 of 2nd period - Shot Misses the Net.
3:09 of 2nd period - Shot by Luca Sbisa.
3:09 of 2nd period - Shot Misses the Net.
3:46 of 2nd period - Shot by Pierre-Alexandr Parenteau.
3:46 of 2nd period - Stopped by Frederik Andersen without a rebound.
3:47 of 2nd period - Josh Anderson wins face-off versus Bryan Little in Hurricanes zone.
4:02 of 2nd period - Shot by Alex Chiasson.
4:02 of 2nd period - Stopped by Robin Lehner without a rebound.
4:03 of 2nd period - Leo Komarov wins face-off versus Matt Read in Islanders zone.
4:14 of 2nd period - Shot by Matt Read.
4:14 of 2nd period - Shot Misses the Net.
4:16 of 2nd period - Shot by Patrick Sharp.
4:16 of 2nd period - Shot Misses the Net.
4:45 of 2nd period - Shot by Carl Hagelin.
4:45 of 2nd period - Shot Blocked by Roman Polak.
4:51 of 2nd period - Roman Polak is hit by Bryan Little and loses puck.
5:26 of 2nd period - Brian Boyle is hit by Marcus Foligno and loses puck.
5:38 of 2nd period - Off-side.
5:39 of 2nd period - Tyler Bozak wins face-off versus Derek Ryan in neutral zone.
5:39 of 2nd period - Tyler Bozak is hit by Nick Foligno.
5:56 of 2nd period - Icing by Mark Fayne.
5:57 of 2nd period - Leo Komarov wins face-off versus Tyler Bozak in Islanders zone.
6:12 of 2nd period - Shot by Leo Komarov.
6:12 of 2nd period - Deflect By Lee Stempniak.
6:12 of 2nd period - Stopped by Robin Lehner without a rebound.
6:13 of 2nd period - Josh Jooris wins face-off versus Bryan Little in Islanders zone.
6:40 of 2nd period - Shot by Markus Granlund.
6:40 of 2nd period - Shot Misses the Net.
6:42 of 2nd period - Shot by Erik Johnson.
6:42 of 2nd period - Deflect By Markus Granlund.
6:42 of 2nd period - Shot Blocked by Brad Richardson.
7:03 of 2nd period - Off-side.
7:04 of 2nd period - Derek Ryan wins face-off versus Brian Boyle in neutral zone.
7:37 of 2nd period - Shot by Michael Frolik.
7:37 of 2nd period - Shot Misses the Net.
7:41 of 2nd period - Shot by Nick Foligno.
7:41 of 2nd period - Deflect By Michael Frolik.
7:41 of 2nd period - Stopped by Robin Lehner without a rebound.
7:42 of 2nd period - Leo Komarov wins face-off versus Matt Read in Islanders zone.
7:47 of 2nd period - Shot by Zach Parise.
7:47 of 2nd period - Shot Misses the Net.
7:49 of 2nd period - Shot by Leo Komarov.
7:49 of 2nd period - Stopped by Robin Lehner with a rebound.
9:02 of 2nd period - Bryan Little is hit by Erik Johnson and loses puck.
9:19 of 2nd period - Icing by Dustin Byfuglien.
9:20 of 2nd period - Brian Boyle wins face-off versus Bryan Little in Hurricanes zone.
9:46 of 2nd period - Brian Boyle is hit by Brian Dumoulin.
10:02 of 2nd period - Shot by Michael Frolik.
10:02 of 2nd period - Shot Misses the Net.
10:07 of 2nd period - Markus Granlund is hit by Nick Foligno and loses puck.
10:20 of 2nd period - Off-side.
10:21 of 2nd period - Tyler Bozak wins face-off versus Leo Komarov in neutral zone.
10:31 of 2nd period - Icing by Jon Merrill.
10:32 of 2nd period - Lee Stempniak wins face-off versus Josh Jooris in Hurricanes zone.
10:40 of 2nd period - Icing by Steven Santini.
10:41 of 2nd period - Bryan Little wins face-off versus Matt Read in Islanders zone.
12:38 of 2nd period - Shot by Josh Anderson.
12:38 of 2nd period - Stopped by Frederik Andersen without a rebound.
12:39 of 2nd period - Derek Ryan wins face-off versus Josh Anderson in Hurricanes zone.
12:46 of 2nd period - Shot by Nick Foligno.
12:46 of 2nd period - Shot Misses the Net.
12:48 of 2nd period - Shot by Nick Foligno.
12:48 of 2nd period - Shot Blocked by Mark Fayne.
12:59 of 2nd period - Shot by Michael Frolik.
12:59 of 2nd period - Stopped by Robin Lehner without a rebound.
13:00 of 2nd period - Josh Jooris wins face-off versus Bryan Little in Islanders zone.
13:00 of 2nd period - Matt Read is hit by Marcus Foligno and loses puck.
13:18 of 2nd period - Off-side.
13:19 of 2nd period - Brian Boyle wins face-off versus Leo Komarov in neutral zone.
13:49 of 2nd period - Shot by Brian Boyle.
13:49 of 2nd period - Stopped by Frederik Andersen without a rebound.
13:50 of 2nd period - Derek Ryan wins face-off versus Matt Read in Hurricanes zone.
13:57 of 2nd period - Shot by Derek Ryan.
13:57 of 2nd period - Stopped by Robin Lehner without a rebound.
13:58 of 2nd period - Tyler Bozak wins face-off versus Bryan Little in Islanders zone.
13:58 of 2nd period - Tyler Bozak is hit by Marcus Foligno.
14:06 of 2nd period - Bryan Little is hit by Zack Kassian and loses puck.
14:46 of 2nd period - Shot by Michael Frolik.
14:46 of 2nd period - Deflect By Nick Foligno.
14:46 of 2nd period - Shot Misses the Net.
14:48 of 2nd period - Shot by Nick Foligno.
14:48 of 2nd period - Shot Misses the Net.
15:14 of 2nd period - Shot by Michael Frolik.
15:14 of 2nd period - Deflect By Nick Foligno.
15:14 of 2nd period - Shot Misses the Net.
15:16 of 2nd period - Shot by Brian Dumoulin.
15:16 of 2nd period - Shot Misses the Net.
15:32 of 2nd period - Shot by Leo Komarov.
15:32 of 2nd period - Deflect By Lee Stempniak.
15:32 of 2nd period - Stopped by Robin Lehner without a rebound.
15:33 of 2nd period - Leo Komarov wins face-off versus Matt Read in Islanders zone.
15:34 of 2nd period - Shot by Lee Stempniak.
15:34 of 2nd period - Shot Blocked by Roman Polak.
16:06 of 2nd period - Zach Parise is hit by Pierre-Alexandr Parenteau and loses puck.
16:41 of 2nd period - Icing by Dustin Byfuglien.
16:42 of 2nd period - Bryan Little wins face-off versus Josh Jooris in Hurricanes zone.
17:06 of 2nd period - Minor Penalty to Nick Foligno for Goalie Interference.
17:07 of 2nd period - Brian Boyle wins face-off versus Leo Komarov in Hurricanes zone.
17:24 of 2nd period - Shot by Brian Boyle.
17:24 of 2nd period - Stopped by Frederik Andersen without a rebound.
17:25 of 2nd period - Leo Komarov wins face-off versus Brian Boyle in Hurricanes zone.
17:31 of 2nd period - Icing by Erik Johnson.
17:32 of 2nd period - Brian Boyle wins face-off versus Leo Komarov in Islanders zone.
17:42 of 2nd period - Shot by Leo Komarov.
17:42 of 2nd period - Stopped by Robin Lehner without a rebound.
17:43 of 2nd period - Leo Komarov wins face-off versus Tyler Bozak in Islanders zone.
18:04 of 2nd period - Shot by Leo Komarov.
18:04 of 2nd period - Shot Misses the Net.
18:06 of 2nd period - Shot by Leo Komarov.
18:06 of 2nd period - Stopped by Robin Lehner without a rebound.
18:07 of 2nd period - Brad Richardson wins face-off versus Brian Boyle in Islanders zone.
18:39 of 2nd period - Icing by Erik Johnson.
18:40 of 2nd period - Brian Boyle wins face-off versus Leo Komarov in Islanders zone.
18:54 of 2nd period - Icing by Erik Johnson.
18:55 of 2nd period - Carl Hagelin wins face-off versus Josh Anderson in Islanders zone.
19:06 of 2nd period - Shot by Brian Boyle.
19:06 of 2nd period - Goal by Brian Boyle - Islanders : 1 - Hurricanes : 2.
19:07 of 2nd period - Derek Ryan wins face-off versus Matt Read in neutral zone.
19:22 of 2nd period - Shot by Patrick Sharp.
19:22 of 2nd period - Stopped by Frederik Andersen without a rebound.
19:23 of 2nd period - Tyler Bozak wins face-off versus Bryan Little in Hurricanes zone.
19:46 of 2nd period - Marcus Foligno is hit by Steven Santini and loses puck.
Goals for this period are 1 for Islanders vs 0 for Hurricanes.
Shots for this period are 6 for Islanders vs 10 for Hurricanes.

3rd period


0:01 of 3rd period - Derek Ryan wins face-off versus Matt Read in neutral zone.
0:28 of 3rd period - Shot by Patrick Sharp.
0:28 of 3rd period - Shot Blocked by Michael Frolik.
1:15 of 3rd period - Shot by Brian Boyle.
1:15 of 3rd period - Shot Misses the Net.
1:17 of 3rd period - Shot by Josh Anderson.
1:17 of 3rd period - Stopped by Frederik Andersen without a rebound.
1:18 of 3rd period - Tyler Bozak wins face-off versus Leo Komarov in Hurricanes zone.
1:22 of 3rd period - Icing by Leo Komarov.
1:23 of 3rd period - Leo Komarov wins face-off versus Tyler Bozak in Hurricanes zone.
1:46 of 3rd period - Shot by Leo Komarov.
1:46 of 3rd period - Stopped by Robin Lehner without a rebound.
1:47 of 3rd period - Matt Read wins face-off versus Bryan Little in Islanders zone.
1:47 of 3rd period - Matt Read is hit by Marcus Foligno.
2:16 of 3rd period - Shot by Matt Read.
2:16 of 3rd period - Shot Misses the Net.
2:34 of 3rd period - Patrick Sharp is hit by Leo Komarov and loses puck.
2:38 of 3rd period - Icing by Steven Santini.
2:39 of 3rd period - Matt Read wins face-off versus Leo Komarov in Islanders zone.
3:21 of 3rd period - Icing by Keith Yandle.
3:22 of 3rd period - Brian Boyle wins face-off versus Leo Komarov in Hurricanes zone.
3:27 of 3rd period - Shot by Josh Anderson.
3:27 of 3rd period - Stopped by Frederik Andersen without a rebound.
3:28 of 3rd period - Derek Ryan wins face-off versus Brian Boyle in Hurricanes zone.
3:57 of 3rd period - Shot by Nick Foligno.
3:57 of 3rd period - Deflect By Derek Ryan.
3:57 of 3rd period - Shot Blocked by Roman Polak.
4:27 of 3rd period - Shot by Bryan Little.
4:27 of 3rd period - Shot Misses the Net.
4:31 of 3rd period - Shot by Bryan Little.
4:31 of 3rd period - Stopped by Robin Lehner without a rebound.
4:32 of 3rd period - Leo Komarov wins face-off versus Sam Bennett in Islanders zone.
5:25 of 3rd period - Shot by Markus Granlund.
5:25 of 3rd period - Deflect By Matt Read.
5:25 of 3rd period - Shot Blocked by Keith Yandle.
5:27 of 3rd period - Shot by Roman Polak.
5:27 of 3rd period - Shot Misses the Net.
5:35 of 3rd period - Shot by Josh Jooris.
5:35 of 3rd period - Goal by Josh Jooris - Islanders : 2 - Hurricanes : 2.
5:36 of 3rd period - Derek Ryan wins face-off versus Brian Boyle in neutral zone.
6:48 of 3rd period - Shot by Brad Richardson.
6:48 of 3rd period - Stopped by Robin Lehner without a rebound.
6:49 of 3rd period - Tyler Bozak wins face-off versus Bryan Little in Islanders zone.
7:07 of 3rd period - Shot by Patrick Wiercioch.
7:07 of 3rd period - Stopped by Robin Lehner without a rebound.
7:08 of 3rd period - Brian Boyle wins face-off versus Leo Komarov in Islanders zone.
7:30 of 3rd period - Shot by Patrick Sharp.
7:30 of 3rd period - Shot Misses the Net.
7:34 of 3rd period - Shot by Pierre-Alexandr Parenteau.
7:34 of 3rd period - Shot Misses the Net.
8:45 of 3rd period - Shot by Erik Johnson.
8:45 of 3rd period - Shot Blocked by Keith Yandle.
8:47 of 3rd period - Shot by Erik Johnson.
8:47 of 3rd period - Stopped by Frederik Andersen without a rebound.
8:48 of 3rd period - Brian Boyle wins face-off versus Derek Ryan in Hurricanes zone.
8:49 of 3rd period - Shot by Colin Wilson.
8:49 of 3rd period - Deflect By Josh Anderson.
8:49 of 3rd period - Shot Misses the Net.
9:00 of 3rd period - Michael Frolik is hit by Erik Johnson and loses puck.
9:09 of 3rd period - Shot by Michael Frolik.
9:09 of 3rd period - Stopped by Robin Lehner with a rebound.
9:10 of 3rd period - Minor Penalty to Steven Santini for Roughing.
9:11 of 3rd period - Colin Wilson wins face-off versus Derek Ryan in Islanders zone.
9:11 of 3rd period - Colin Wilson is hit by Nick Foligno.
9:29 of 3rd period - Shot by Mathew Dumba.
9:29 of 3rd period - Stopped by Robin Lehner without a rebound.
9:30 of 3rd period - Colin Wilson wins face-off versus Derek Ryan in Islanders zone.
9:39 of 3rd period - Shot by Mathew Dumba.
9:39 of 3rd period - Stopped by Robin Lehner without a rebound.
9:40 of 3rd period - Colin Wilson wins face-off versus Derek Ryan in Islanders zone.
10:38 of 3rd period - Shot by Bryan Little.
10:38 of 3rd period - Shot Misses the Net.
10:40 of 3rd period - Shot by Keith Yandle.
10:40 of 3rd period - Stopped by Robin Lehner without a rebound.
10:41 of 3rd period - Bryan Little wins face-off versus Zack Kassian in Islanders zone.
11:32 of 3rd period - Shot by Leo Komarov.
11:32 of 3rd period - Shot Blocked by Roman Polak.
11:34 of 3rd period - Shot by Leo Komarov.
11:34 of 3rd period - Stopped by Robin Lehner with a rebound.
11:36 of 3rd period - Shot by Brad Richardson.
11:36 of 3rd period - Deflect By Marcus Foligno.
11:36 of 3rd period - Stopped by Robin Lehner with a rebound.
11:38 of 3rd period - Shot by Jon Merrill.
11:38 of 3rd period - Stopped by Robin Lehner without a rebound.
11:39 of 3rd period - Derek Ryan wins face-off versus Tyler Bozak in Islanders zone.
11:45 of 3rd period - Nick Foligno is hit by Erik Johnson and loses puck.
11:53 of 3rd period - Icing by Steven Santini.
11:54 of 3rd period - Bryan Little wins face-off versus Tyler Bozak in Islanders zone.
11:54 of 3rd period - Carl Hagelin is hit by Erik Johnson.
12:06 of 3rd period - Shot by Bryan Little.
12:06 of 3rd period - Shot Blocked by Erik Johnson.
12:08 of 3rd period - Shot by Alex Chiasson.
12:08 of 3rd period - Deflect By Bryan Little.
12:08 of 3rd period - Stopped by Robin Lehner without a rebound.
12:09 of 3rd period - Josh Jooris wins face-off versus Leo Komarov in Islanders zone.
12:16 of 3rd period - Shot by Markus Granlund.
12:16 of 3rd period - Shot Blocked by Keith Yandle.
12:18 of 3rd period - Shot by Luca Sbisa.
12:18 of 3rd period - Stopped by Frederik Andersen with a rebound.
12:20 of 3rd period - Shot by Mark Fayne.
12:20 of 3rd period - Shot Misses the Net.
12:24 of 3rd period - Shot by Matt Read.
12:24 of 3rd period - Shot Blocked by Keith Yandle.
13:16 of 3rd period - Shot by Zack Kassian.
13:16 of 3rd period - Stopped by Frederik Andersen with a rebound.
13:18 of 3rd period - Shot by Patrick Sharp.
13:18 of 3rd period - Shot Misses the Net.
13:20 of 3rd period - Shot by Zack Kassian.
13:20 of 3rd period - Stopped by Frederik Andersen without a rebound.
13:21 of 3rd period - Bryan Little wins face-off versus Brian Boyle in Hurricanes zone.
13:32 of 3rd period - Erik Johnson is hit by Marcus Foligno.
13:38 of 3rd period - Icing by Brett Pesce.
13:39 of 3rd period - Bryan Little wins face-off versus Matt Read in Hurricanes zone.
13:39 of 3rd period - Brad Richardson is hit by Patrick Sharp.
13:42 of 3rd period - Off-side.
13:43 of 3rd period - Derek Ryan wins face-off versus Patrick Sharp in neutral zone.
13:48 of 3rd period - Icing by Roman Polak.
13:49 of 3rd period - Derek Ryan wins face-off versus Matt Read in Islanders zone.
13:50 of 3rd period - Shot by Michael Frolik.
13:50 of 3rd period - Stopped by Robin Lehner without a rebound.
13:51 of 3rd period - Patrick Sharp wins face-off versus Derek Ryan in Islanders zone.
14:20 of 3rd period - Shot by Patrick Sharp.
14:20 of 3rd period - Shot Blocked by Brian Dumoulin.
14:22 of 3rd period - Shot by Matt Read.
14:22 of 3rd period - Stopped by Frederik Andersen without a rebound.
14:23 of 3rd period - Leo Komarov wins face-off versus Brian Boyle in Hurricanes zone.
14:43 of 3rd period - Icing by Roman Polak.
14:44 of 3rd period - Brian Boyle wins face-off versus Marcus Foligno in Islanders zone.
14:52 of 3rd period - Shot by Andy Greene.
14:52 of 3rd period - Shot Misses the Net.
15:23 of 3rd period - Off-side.
15:24 of 3rd period - Derek Ryan wins face-off versus Matt Read in neutral zone.
15:31 of 3rd period - Shot by Nick Foligno.
15:31 of 3rd period - Stopped by Robin Lehner without a rebound.
15:32 of 3rd period - Derek Ryan wins face-off versus Matt Read in Islanders zone.
15:37 of 3rd period - Shot by Michael Frolik.
15:37 of 3rd period - Shot Misses the Net.
16:10 of 3rd period - Brian Dumoulin is hit by Pierre-Alexandr Parenteau and loses puck.
17:09 of 3rd period - Off-side.
17:10 of 3rd period - Brian Boyle wins face-off versus Leo Komarov in neutral zone.
17:37 of 3rd period - Shot by Brian Boyle.
17:37 of 3rd period - Stopped by Frederik Andersen without a rebound.
17:38 of 3rd period - Pierre-Alexandr Parenteau wins face-off versus Bryan Little in Hurricanes zone.
17:38 of 3rd period - Patrick Sharp is hit by Jon Merrill and loses puck.
17:46 of 3rd period - Off-side.
17:47 of 3rd period - Matt Read wins face-off versus Bryan Little in neutral zone.
18:01 of 3rd period - Minor Penalty to Pierre-Alexandr Parenteau for Tripping.
18:02 of 3rd period - Lee Stempniak wins face-off versus Colin Wilson in Islanders zone.
18:03 of 3rd period - Shot by Dustin Byfuglien.
18:03 of 3rd period - Stopped by Robin Lehner without a rebound.
18:04 of 3rd period - Colin Wilson wins face-off versus Bryan Little in Islanders zone.
18:20 of 3rd period - Icing by Bryan Little.
18:21 of 3rd period - Bryan Little wins face-off versus Colin Wilson in Hurricanes zone.
19:52 of 3rd period - Off-side.
19:53 of 3rd period - Brian Boyle wins face-off versus Derek Ryan in neutral zone.
Goals for this period are 1 for Islanders vs 0 for Hurricanes.
Shots for this period are 9 for Islanders vs 15 for Hurricanes.

Overtime #1


0:01 of 1st overtime period - Bryan Little wins face-off versus Tyler Bozak in neutral zone.
0:07 of 1st overtime period - Shot by Bryan Little.
0:07 of 1st overtime period - Shot Misses the Net.
0:09 of 1st overtime period - Shot by Bryan Little.
0:09 of 1st overtime period - Deflect By Lee Stempniak.
0:09 of 1st overtime period - Stopped by Robin Lehner with a rebound.
0:21 of 1st overtime period - Shot by Patrick Sharp.
0:21 of 1st overtime period - Shot Misses the Net.
1:40 of 1st overtime period - Leo Komarov is hit by Roman Polak and loses puck.
1:52 of 1st overtime period - Shot by Colin Wilson.
1:52 of 1st overtime period - Shot Misses the Net.
1:54 of 1st overtime period - Shot by Colin Wilson.
1:54 of 1st overtime period - Goal by Colin Wilson - Islanders : 3 - Hurricanes : 2.
Goals for this period are 1 for Islanders vs 0 for Hurricanes.
Shots for this period are 1 for Islanders vs 1 for Hurricanes.